 Dungeon Crawl Stone Soup version 0.30-a0-996-ga6910c8ee8 (webtiles) character file.

Game seed: 171397472287163894

161 mandoloar the Insei (level 5, -4/35 HPs)
             Began as an Octopode Transmuter on Apr 4, 2023.
             Slain by a gnoll
             ... wielding a +0 flail
              (11 damage)
             ... on level 3 of the Dungeon.
             The game lasted 00:06:35 (2857 turns).

mandoloar the Insei (Octopode Transmuter)           Turns: 2857, Time: 00:06:35

Health: -4/35      AC:  1    Str:  9    XL:     5   Next: 42%
Magic:  5/8        EV: 13    Int: 17    God:
Gold:   79         SH:  0    Dex: 13    Spells: 2/9 levels left

rFire   . . .      SeeInvis .      - Unarmed
rCold   . . .      Faith    .    (no shield)
rNeg    . . .      Spirit   .    (helmet currently unavailable)
rPois   .          Reflect  .    (no amulet)
rElec   .          Rampage  .    (no ring)
rCorr   .                        (no ring)
Will    .....                    (no ring)
Stlth   ++                       (no ring)
HPRegen 0.25/turn                (no ring)
MPRegen 0.11/turn                (no ring)
                                 (no ring)
                                 (no ring)

@: appendages, wereblooded
A: tentacle spike 3, almost no armour, amphibious, 8 rings, camouflage 1,
gelatinous body 1, (nimble swimmer 1), tentacles
a: End Transformation


You were on level 3 of the Dungeon.
One of your tentacles had grown a beastly spike.
You visited 1 branch of the dungeon, and saw 3 of its levels.

You collected 79 gold pieces.

Inventory:

Missiles
 e - 3 poisoned darts
 f - 31 stones
Scrolls
 b - a scroll of enchant armour {unknown}
 c - 2 scrolls of identify
 g - a scroll of blinking {unknown}
 h - 2 scrolls of teleportation {unknown}
Potions
 a - 2 potions of lignification
 d - 3 potions of curing
 i - a potion of cancellation {unknown}


   Skills:
 + Level 2.3 Fighting
 + Level 3.0 Dodging
 + Level 3.7 Unarmed Combat
 - Level 2.6 Spellcasting
 + Level 2.9 Transmutations
 + Level 0.7 Ice Magic


You had 2 spell levels left.
You knew the following spells:

 Your Spells              Type           Power      Damage    Failure   Level
a - Beastly Appendage     Tmut           24%        N/A       5%          1
b - Wereblood             Tmut           12%        N/A       9%          2
c - Ice Form              Ice/Tmut       8%         N/A       63%         4

Your spell library contained the following spells:

 Spells                   Type           Power      Damage    Failure   Level
 Cigotuvi's Dreadful Rot  Necr/Pois/Air  4%         N/A       28%         2
 Lesser Beckoning         Tloc           4%         N/A       28%         2
 Poisonous Vapours        Pois/Air       4%         N/A       28%         2
 Spider Form              Tmut/Pois      7%         N/A       30%         3
 Gell's Gravitas          Tloc           2%         N/A       50%         3
 Mephitic Cloud           Conj/Pois/Air  2%         N/A       50%         3
 Teleport Other           Tloc           2%         N/A       50%         3


Dungeon Overview and Level Annotations

Branches:
Dungeon (3/15)

Altars:

Shops:
D:1 (


Innate Abilities, Weirdness & Mutations

One of your tentacles has grown a beastly spike.
You cannot wear most types of armour.
You are amphibious.
You can wear up to eight rings at the same time.
Your skin changes colour to match your surroundings (Stealth+).
Your rubbery body absorbs attacks. (AC +1, EV +1)
((You are camouflaged when in or above water. (Stealth+)))
You have tentacles for arms and can constrict up to eight enemies at once.


Message History

The gnoll hits you with a +0 mace.
You climb upwards.
There is a stone staircase leading down, spattered with blood here.
One of your tentacles grows a vicious spike.
The gnoll closely misses you.
You closely miss the gnoll. You grab the gnoll.
You pierce the gnoll.
You squeeze the gnoll, but do no damage.
The gnoll is moderately wounded.
You constrict the gnoll. The gnoll hits you with a +0 mace.
You tentacle-slap the gnoll.
You pierce the gnoll.
The gnoll is almost dead.
You constrict the gnoll, but do no damage.
The gnoll barely misses you.
Casting: Beastly Appendage (safe; 5% risk of failure)
Confirm with . or Enter, or press ? or * to list all spells.
Your blood is infused with primal strength.
You constrict the gnoll.
You feel a bit better.
You kill the gnoll!
Your Dodging skill increases to level 3!
You climb downwards.
The gnoll throws a throwing net.
The throwing net hits you.
You become entangled in the net!
There is a stone staircase leading up, spattered with blood here.
You see here a throwing net.
You struggle against the net.
You extend your transformation's duration.
You struggle against the net.
You struggle against the net.
You struggle against the net.
You howl as the wereblood boils in your veins!
You shred the net and break free! The gnoll hits you with a +0 flail!
You tentacle-slap the gnoll. Your grab misses the gnoll.
The gnoll is lightly wounded.
The gnoll hits you with a +0 flail!
* * * LOW HITPOINT WARNING * * *
You tentacle-slap the gnoll. Your grab misses the gnoll.
You pierce the gnoll, but do no damage.
Your squeeze misses the gnoll.
The gnoll is heavily wounded.
You howl as the wereblood boils in your veins!
The gnoll hits you with a +0 flail!
You die...

......###. ...# ..... ...
.....## !........#####......###
...........#.##.....##.....#
.......g.....#..<.#..#.....#
.............#.......#... .####
....<..........#._.<.#..##....#
. #.....#####..#.......#.....#
.. #..# ##..#.g@.#..#.....# ...
##..## #...##.....##.#...###.#
.....#####.#..#####(...##.##...
##..†).................##.##.#
#..##########.........##.#..#
#...##### #.#####...##...###
#.#.....### #.# #...###....###
#.#####...###.# #...###.......
#. ###.....# #...##........


You could see a gnoll.

Vanquished Creatures
  A scorpion (D:2)
  4 gnolls
  2 adders
  A worm (D:2)
  4 endoplasms
  7 goblins
  4 hobgoblins
  3 jackals (D:1)
  A quokka (D:1)
  A ball python (D:1)
  6 bats
  A frilled lizard (D:3)
  5 kobolds
  3 rats
43 creatures vanquished.

Notes
Turn   | Place    | Note
-------+----------+-------------------------------------------
     0 | D:1      | mandoloar the Octopode Transmuter began the quest for the
                  | Orb.
     0 | D:1      | Reached XP level 1. HP: 13/13 MP: 3/3
   106 | D:1      | Found Reacheboi's Weapon Shop.
   450 | D:1      | Reached XP level 2. HP: 15/18 MP: 3/5
  1446 | D:2      | Learned a level 2 spell: Wereblood
  1489 | D:2      | Reached XP level 3. HP: 21/23 MP: 6/6
  1490 | D:2      | Noticed a scorpion
  1506 | D:2      | Killed a scorpion
  1507 | D:2      | Reached XP level 4. HP: 24/29 MP: 5/7
  2114 | D:2      | Learned a level 4 spell: Ice Form
  2438 | D:2      | Reached XP level 5. HP: 25/34 MP: 6/8
  2544 | D:3      | Found a faded altar of an unknown god.
  2857 | D:3      | Slain by a gnoll

Illustrated notes

Levels and vault maps discovered:
D:1:      dpeg_arrival_short_road, layout_loops_corners, serial_shops,
          nicolae_shop_hallway_plus
D:2:      layout_loops_corners, minmay_surrounded
D:3:      layout_rooms, nicolae_ecumenical_pavilion, hex_tiny,
          grunt_ministairs_2

Skill      XL: |  1  2  3  4  5 |
---------------+----------------+-----
Fighting       | 2 |  2.3
Dodging        | 3 |  3.0
Unarmed Combat | |  3.7
Spellcasting   | |  2.6
Transmutations | |  2.9
Ice Magic      | |  0.7

Action                     |  1- 3 |  4- 6 || total
---------------------------+-------+-------++-------
  Melee: Unarmed           |    40 |    43 ||    83
         Constrict         |    14 |    16 ||    30
         Kick              |    14 |    17 ||    31
         Tentacles         |     8 |    12 ||    20
         Punch             |     1 |     1 ||     2
  Throw: Dart              |     3 |       ||     3
         Stone             |       |     4 ||     4
   Cast: Beastly Appendage |    15 |    20 ||    35
         Wereblood         |       |     1 ||     1
    Use: Scroll            |     2 |       ||     2
   Stab: Sleeping          |     3 |     2 ||     5
 Armour: Skin              |     3 |     5 ||     8
  Dodge: Dodged            |    17 |    30 ||    47

Table legend: (Time is in decaauts)
 A = Elapsed time spent in this place.
 B = Non-inter-level travel time spent in this place.
 C = Inter-level travel time spent in this place.
 D = Time resting spent in this place.
 E = Time spent auto-exploring this place.
 F = Levels seen in this place.
 G = Mean time per level.
                   A        B        C        D        E       F      G
               +--------+--------+--------+--------+--------+-----+--------+
         Total |   2855 |   2689 |    166 |    319 |   1912 |   3 |  951.7 |
       Dungeon |   2855 |   2689 |    166 |    319 |   1912 |   3 |  951.7 |
               +--------+--------+--------+--------+--------+-----+--------+

Top non-repeatable levels by time:
     D:1: 1429 daAuts
     D:2: 1257 daAuts
     D:3: 168 daAuts
